 Dungeon Sprint DCSS version 0.23.2 (webtiles) character file.

Game seed: 8626174265838674679

84 MartialLaw the Covered (level 4, 0/45 HPs)
             Began as a Minotaur Fighter on Mar 31, 2019.
             Slain by a queen bee (14 damage)
             ... in the Dungeon (Sprint IV: "Fedhas' Mad Dash").
             The game lasted 00:00:53 (360 turns).

MartialLaw the Covered (Minotaur Fighter)            Turns: 360, Time: 00:00:53

Health: 0/45       AC:  7    Str: 21    XL:     4   Next: 23%
Magic:  3/3        EV:  8    Int:  5    God:
Gold:   60         SH: 10    Dex: 10    Spells: 3/3 levels left

rFire    . . .     SeeInvis .   a - +0 long sword
rCold    . . .     Gourm    .   c - +0 shield
rNeg     . . .     Faith    .   b - +0 scale mail
rPois    .         Spirit   .   (helmet restricted)
rElec    .         Reflect  .   (no cloak)
rCorr    .         Harm     .   (no gloves)
MR       .....     NoTele   +   (no boots)
Stlth    ..........             m - amulet of invisibility {+Inv}
HPRegen  0.15/turn              (no ring)
MPRegen  0.08/turn              (no ring)

@: lethally poisoned (0 -> -24)
A: retaliatory headbutt, horns 2
a: Evoke Invisibility


You were in the Dungeon.
You were not hungry.

You visited 1 branch You collected 60 gold pieces.

Inventory:

Hand Weapons
 a - a +0 long sword (weapon)
Armour
 b - a +0 scale mail (worn)
 c - a +0 shield (worn)
Jewellery
 m - the amulet of invisibility (around neck) {+Inv}
   (You found it in the Dungeon)

   [amulet of nothing]

   It lets you turn invisible.
Scrolls
 k - a scroll of blinking
 l - a scroll of remove curse {unknown}
Potions
 d - a potion of might
 e - a potion of curing
 g - a potion of heal wounds
 h - a potion of haste
 i - 2 potions of magic
 j - a potion of berserk rage
Comestibles
 f - a ration
 n - 2 chunks of flesh


   Skills:
 + Level 6.4 Fighting
 + Level 3.8 Long Blades
 + Level 6.8 Armour
 + Level 0.1 Dodging
 + Level 6.5 Shields


You had 3 spell levels left.
You didn't know any spells.
Your spell library was empty.

Dungeon Overview and Level Annotations

Branches:
Dungeon (1/1)

Altars:


Innate Abilities, Weirdness & Mutations

You reflexively headbutt those who attack you in melee.
You have a pair of horns on your head.


Message History

You miss the killer bee.
The killer bee is heavily wounded.
You feel sick. The killer bee stings you.
You are more poisoned.
The killer bee poisons you! The killer bee stings you.
You slash the queen bee!
The queen bee is lightly wounded.
You feel sick.
A killer bee comes into view.
The queen bee closely misses you.
The killer bee moves out of view.
Your shield prevents you from hitting the queen bee.
The queen bee is lightly wounded.
You feel sick. The queen bee stings you!
You are lethally poisoned!
The queen bee poisons you!
You are too injured to fight recklessly!
You slash the queen bee!
The queen bee is moderately wounded.
You feel sick. The queen bee stings you!
You die...

##################
#<..P#.....#.....#
#PP..÷.[...'.#.[.+
#PPPP#.....#.#...#
###############'##
#...♣.y......'...#
#%...yy♣.....#...#
. ♣@.♣..######
#+#####


You could see a queen bee and 2 killer bees.

Vanquished Creatures
  2 oklob saplings (D)
  A worker ant (D)
  A river rat (D)
  A rat (D)
5 creatures vanquished.

Notes
Turn   | Place    | Note
-------+----------+-------------------------------------------
     0 | D        | MartialLaw the Minotaur Fighter began the quest for the
                  | Orb.
     0 | D        | Reached XP level 1. HP: 19/19 MP: 0/0
    10 | D        | Reached XP level 2. HP: 17/28 MP: 1/1
   235 | D        | Noticed an oklob sapling
   238 | D        | Killed an oklob sapling
   238 | D        | Reached skill level 5 in Fighting
   238 | D        | Reached skill level 5 in Armour
   238 | D        | Reached skill level 5 in Shields
   238 | D        | Reached XP level 3. HP: 36/36 MP: 2/2
   241 | D        | Found the amulet of invisibility {+Inv}
   332 | D        | Noticed an oklob sapling
   335 | D        | Killed an oklob sapling
   335 | D        | Reached XP level 4. HP: 45/45 MP: 3/3
   353 | D        | Noticed a queen bee
   360 | D        | Slain by a queen bee

Skill      XL: |  1  2  3 |
---------------+----------+-----
Fighting       | 4 5 6 |  6.4
Armour         | 4 5 6 |  6.8
Shields        | 4 5 6 |  6.5
Long Blades    | 3 |  3.8
Dodging        | |  0.1

Action                   |  1- 3 |  4- 6 || total
-------------------------+-------+-------++-------
Melee: Long sword        |    12 |     6 ||    18
       Headbutt          |     4 |       ||     4
Armor: Scale mail        |     1 |       ||     1
Dodge: Dodged            |     3 |     1 ||     4
Block: Shield            |     4 |     4 ||     8
